 Dungeon Crawl Stone Soup version 0.31-a0-716-gc7603755dd (webtiles) character file.

Game seed: 6684319170351132136

162 zero the Trooper (level 5, 0/48 HPs)
             Began as a Minotaur Berserker on Sept 10, 2023.
             Was a Believer of Trog.
             Slain by a kobold
             ... wielding a +0 whip
              (4 damage)
             ... on level 3 of the Dungeon.
             The game lasted 00:02:01 (2157 turns).

zero the Trooper (Minotaur Berserker)               Turns: 2157, Time: 00:02:02

Health: 0/48       AC:  6    Str: 24    XL:     5   Next: 19%
Magic:  4/4        EV:  9    Int:  4    God:    Trog [**....]
Gold:   155        SH:  0    Dex:  9    Spells: 4/4 levels left

rFire   . . .        a - +0 hand axe
rCold   . . .        (no shield)
rNeg    . . .        t - +0 chain mail
rPois   .            (helmet restricted)
rElec   .            (no cloak)
rCorr   .            (no gloves)
SInv    .            c - +0 pair of boots
Will    ++...        (no amulet) Stlth
                     (no ring)
HPRegen 1.28/turn    (no ring)
MPRegen 0.09/turn

%: no passive effects
@: strong-willed, corroded, regenerating
A: horns 2, retaliatory headbutt
a: Renounce Religion, Berserk, Trog's Hand


You were on level 3 of the Dungeon.
You worshipped Trog.
Trog was pleased with you.
You visited 1 branch of the dungeon, and saw 3 of its levels.

You collected 155 gold pieces.

Inventory:

Hand Weapons
 a - a +0 hand axe (weapon)
Missiles
 h - 6 curare-tipped darts
 p - a throwing net
Armour
 c - a +0 pair of boots (worn)
 t - a +0 chain mail (worn)
Wands
 i - a wand of flame (19)
Scrolls
 d - a scroll of fear {unknown}
 j - 2 scrolls of identify {unknown}
 l - 2 scrolls of butterflies {unknown}
 m - 4 scrolls of enchant armour {unknown}
 n - 2 scrolls of vulnerability {unknown}
 o - a scroll of poison {unknown}
 r - 2 scrolls of teleportation {unknown}
Potions
 e - a potion of resistance {unknown}
 g - 4 potions of curing {unknown}
 k - 2 potions of attraction {unknown}
 q - a potion of berserk rage {unknown}
 s - a potion of ambrosia {unknown}


   Skills:
 + Level 5.5 Fighting
 + Level 5.5 Axes
 - Level 3.0 Armour
 - Level 2.1 Dodging


You had 4 spell levels left.
You didn't know any spells.
Your spell library was empty.

Dungeon Overview and Level Annotations

Branches:
Dungeon (3/15)

Altars:
Wu Jian


Innate Abilities, Weirdness & Mutations

You have a pair of horns on your head.
You reflexively headbutt those who attack you in melee.


Message History

You are too injured to fight recklessly!
You are too injured to fight recklessly!
You are too injured to fight recklessly!
You are too injured to fight recklessly!
You are too injured to fight recklessly!
Unknown command.
You closely miss the kobold. Your headbutt misses the kobold.
You hit the jelly.
Your hands burn!
You hit the endoplasm.
A nearby fungus withers and dies.
The kobold hits you with a +0 whip. The endoplasm freezes you.
You are frozen.
The endoplasm hits the fungus.
The jelly barely misses you. You furiously retaliate!
You headbutt the jelly.
You kill the jelly!
Trog accepts your kill.
The endoplasm hits the fungus.
You have reached level 5!
You miss the kobold. You hit the endoplasm but do no damage.
A nearby fungus withers and dies.
The kobold hits you but does no damage. The endoplasm hits you.
* * * LOW HITPOINT WARNING * * *
You hit the endoplasm but do no damage. You headbutt the endoplasm.
You kill the endoplasm!
Trog accepts your kill.
You closely miss the kobold. You hit the endoplasm.
The kobold hits you but does no damage. The endoplasm freezes you.
You are frozen.
* * * LOW HITPOINT WARNING * * *
You hit the endoplasm.
You kill the endoplasm!
Trog accepts your kill.
You hit the kobold but do no damage. You hit the jelly.
Your hands burn!
* * * LOW HITPOINT WARNING * * *
The kobold hits you with a +0 whip.
* * * LOW HITPOINT WARNING * * *
The jelly hits you but does no damage.
Your skin crawls.
You feel strong-willed. The kobold hits you with a +0 whip.
You die...

# # #...##.......##....###.###..#.
#.# ######.......###.....#.#....#.
#.# #.......##........#...(.. ..#
#.......##.(...........## .##
####....###.......#.<..# .#
##..'....# #.##..###....# .#####
#.######## #.##..###....# .....#
##.....[## #.##...>..#### .....#
#######@# #......#### .....#
.P...JJKJ##.......# .#####
÷P...J.J÷###......## .# .P.......#
#.##....## # .#
........÷###.###....##### .# #####
........÷##..# #......... .# ##...#
:P.÷.....##.## ###...#### .###....#
###########.#######...# #
.#......#############......##...###


You could see a jelly, 4 endoplasms and a kobold.

Vanquished Creatures
  A jelly (D:3)
  A sleepcap (D:3)
  2 adders
  A worm (D:3)
  2 dart slugs
  5 ball pythons (D:2)
  8 bats
  12 endoplasms
  A giant cockroach (D:1)
  8 hobgoblins
  3 jackals (D:2)
  3 frilled lizards
  9 goblins
  9 kobolds
  7 rats
72 creatures vanquished.

Notes
Turn   | Place    | Note
-------+----------+-------------------------------------------
     0 | D:1      | zero the Minotaur Berserker began the quest for the Orb.
     0 | D:1      | Reached XP level 1. HP: 19/19 MP: 0/0
   220 | D:1      | Reached XP level 2. HP: 25/27 MP: 1/1
   965 | D:2      | Reached XP level 3. HP: 31/33 MP: 2/2
  1030 | D:2      | Reached ** piety under Trog
  1505 | D:3      | Found an ornate altar of the Wu Jian Council.
  1523 | D:3      | Reached XP level 4. HP: 32/41 MP: 3/3
  1580 | D:3      | Identified the +8 mace of Risk Management {drain, rC- rN+
                  | Int+4 Dex+3}
  1746 | D:3      | Reached skill level 5 in Fighting
  1746 | D:3      | Reached skill level 5 in Axes
  2154 | D:3      | Reached XP level 5. HP: 16/48 MP: 4/4
  2156 | D:3      | HP: 2/48 [kobold/+0 whip (5)]
  2157 | D:3      | Slain by a kobold

Illustrated notes

Levels and vault maps discovered:
D:1:      wander_arrival_lonely_grave, layout_basic
D:2:      layout_basic
D:3:      cheibrodos_fertilizer, layout_rooms, pdpol_wu_jian_five_deadly_venoms

Skill      XL: |  1  2  3  4 |
---------------+-------------+-----
Fighting       | 4 5 |  5.5
Axes           | 4 5 |  5.5
Armour         | 3 |  3.0
Dodging        | |  2.1

Action                     |  1- 3 |  4- 6 || total
---------------------------+-------+-------++-------
  Melee: Hand axe          |    84 |    37 ||   121
         Headbutt          |     4 |    11 ||    15
 Invoke: Trog's Hand       |       |     1 ||     1
   Stab: Sleeping          |     1 |       ||     1
 Armour: Animal skin       |    11 |       ||    11
         Ring mail         |    43 |    23 ||    66
         Chain mail        |       |    14 ||    14
  Dodge: Dodged            |    58 |    11 ||    69

Table legend: (Time is in decaauts)
 A = Elapsed time spent in this place.
 B = Non-inter-level travel time spent in this place.
 C = Inter-level travel time spent in this place.
 D = Time resting spent in this place.
 E = Time spent auto-exploring this place.
 F = Levels seen in this place.
 G = Mean time per level.
                   A        B        C        D        E       F      G
               +--------+--------+--------+--------+--------+-----+--------+
         Total |   2166 |   2041 |    125 |    172 |   1505 |   3 |  722.0 |
       Dungeon |   2166 |   2041 |    125 |    172 |   1505 |   3 |  722.0 |
               +--------+--------+--------+--------+--------+-----+--------+

Top non-repeatable levels by time:
     D:1: 964 daAuts
     D:3: 656 daAuts
     D:2: 546 daAuts
